AoeStats
← bysgame

Arena

505432097Analyzed
4v4 RM · 24d ago on Sep 9, 2026· 52m 42s· 8 players
Game mode
Random Map
Map size
Large (8 player)
Population
200
Speed
Normal
Resources
Standard
Victory
Conquest
Starting age
Dark Age
Ending age
Imperial Age
RankedLock teamsTeams togetherTeam positionsShared explorationLock speedFull tech treeHidden civsTurbo modeCheats
Victory
Defeat
🇹🇼 Teutons · Taiwan
1023
+14
🇹🇼 Wu · Taiwan
1020
+14
🇹🇼 Persians · Taiwan
1008
+14
962
+49
🇩🇪 Georgians · Germany
1007
-16
🇸🇪 Inca · Sweden
1006
-16
🇺🇸 Spanish · United States
971
-41
🇳🇴 Aztecs · Norway
910
-12
BuDrakexn
9:48 Feudal Age
11:15 Double-Bit Axe
18:31 Castle Age
18:29 Forging
20:20 Scale Barding Armor
22:25 Wheelbarrow
21:37 Loom
26:14 Hand Cart
26:29 Gold Mining
33:04 Imperial Age
32:30 Iron Casting
32:58 Loom
33:39 Chain Barding Armor
33:13 Fletching
33:23 Padded Archer Armor
35:37 Blast Furnace
35:13 Plate Barding Armor
34:02 Cavalier
35:07 Bodkin Arrow
36:05 Paladin
38:09 Husbandry
39:07 Bloodlines
38:41 Pikeman
41:03 Bracer
41:19 Leather Archer Armor
Warmommy
2:29 Loom
11:44 Feudal Age
12:21 Double-Bit Axe
12:28 Gold Mining
15:25 Horse Collar
20:40 Castle Age
18:59 Stone Mining
21:09 Wheelbarrow
20:20 Town Watch
21:54 Bow Saw
22:38 Gold Shaft Mining
23:57 Heavy Plow
23:39 Pikeman
24:19 Squires
25:30 Hand Cart
29:09 Stone Shaft Mining
29:22 Town Patrol
33:16 Imperial Age
31:40 Town Patrol
33:07 Squires
32:53 Arson
33:20 Forging
33:11 Scale Mail Armor
33:24 Fletching
33:34 Padded Archer Armor
34:23 Conscription
34:25 Garland Wars
34:49 Crop Rotation
35:09 Iron Casting
34:08 Elite Skirmisher
34:59 Caravan
35:05 Elite Jaguar Warrior
36:56 Capped Ram
40:26 Blast Furnace
39:41 Chain Mail Armor
39:23 Bodkin Arrow
39:43 Leather Archer Armor
40:03 Siege Ram
GAmERzLike
11:55 Feudal Age
13:19 Loom
14:04 Fletching
16:49 Castle Age
15:31 Fletching
20:21 Bodkin Arrow
23:13 Double-Bit Axe
23:43 Horse Collar
25:03 Bow Saw
25:50 Heavy Plow
26:29 Town Watch
28:28 Wheelbarrow
33:37 Imperial Age
33:27 Ballistics
32:58 Guard Tower
33:25 Masonry
34:47 Murder Holes
34:44 Guard Tower
35:09 Fortified Wall
37:04 Chemistry
42:02 Keep
44:45 Stone Mining
45:44 Hand Cart
45:50 Bracer
47:07 Arrowslits
47:53 Architecture
47:05 Treadmill Crane
Wardaddy
9:54 Feudal Age
15:32 Castle Age
15:38 Elite Skirmisher
16:30 Squires
16:53 Fletching
18:04 Double-Bit Axe
22:09 Pikeman
23:26 Loom
24:43 Horse Collar
25:28 Champi Runner
27:14 Champi Warrior
29:02 Wheelbarrow
29:11 Gold Mining
29:35 Bow Saw
31:16 Heavy Plow
31:44 Scale Mail Armor
31:42 Bodkin Arrow
34:41 Imperial Age
35:26 Bracer
35:41 Chain Mail Armor
35:48 Conscription
37:03 Padded Archer Armor
38:58 Halberdier
bysgame
10:26 Loom
13:00 Feudal Age
15:31 Wheelbarrow
16:10 Double-Bit Axe
18:38 Castle Age
17:12 Horse Collar
17:39 Gold Mining
18:47 Bloodlines
19:22 Husbandry
23:51 Gold Shaft Mining
26:42 Hand Cart
28:19 Bow Saw
32:16 Imperial Age
30:11 Scale Barding Armor
31:23 Hand Cart
31:55 Caravan
32:01 Cavalier
33:36 Heavy Plow
34:39 Two-Man Saw
35:26 Chemistry
37:55 Savar
40:37 Chain Barding Armor
42:38 Plate Barding Armor
42:14 Forging
45:04 Iron Casting
46:10 Crop Rotation
51:59 Blast Furnace
黑炭弟弟也想退休
9:23 Loom
11:26 Feudal Age
15:25 Castle Age
14:21 Double-Bit Axe
14:58 Gold Mining
24:23 Bow Saw
26:23 Horse Collar
28:08 Wheelbarrow
28:10 Heavy Plow
29:34 Hand Cart
29:21 Town Watch
33:48 Imperial Age
32:21 Scale Barding Armor
32:27 Forging
32:56 Fervor
33:51 Caravan
34:06 Padded Archer Armor
33:58 Fletching
34:29 Chain Barding Armor
33:32 Light Cavalry
34:23 Bloodlines
34:13 Husbandry
36:09 Two-Man Saw
34:37 Cavalier
36:21 Conscription
37:31 Plate Barding Armor
37:32 Iron Casting
36:53 Bodkin Arrow
37:14 Leather Archer Armor
37:19 Stone Mining
38:44 Elite Conquistador
40:54 Blast Furnace
40:29 Guilds
42:32 Stone Shaft Mining
43:46 Ballistics
44:27 Chemistry
44:23 Supremacy
45:01 Paladin
49:49 Bodkin Arrow
50:27 Ring Archer Armor
50:09 Scale Mail Armor
B-Monkey
7:07 Loom
9:35 Feudal Age
10:12 Double-Bit Axe
10:10 Horse Collar
14:27 Fletching
18:41 Wheelbarrow
23:27 Castle Age
21:43 Gold Mining
23:33 Forging
23:21 Stone Mining
24:54 Bodkin Arrow
26:03 Scale Mail Armor
26:33 Bow Saw
28:00 Chain Mail Armor
29:22 Masonry
30:16 Squires
31:38 Arson
33:40 Hand Cart
34:20 Ironclad
34:04 Pikeman
37:10 Iron Casting
45:06 Imperial Age
45:13 Imperial Age
45:36 Gambesons
46:23 Crenellations
46:24 Conscription
46:50 Stone Shaft Mining
46:15 Halberdier
48:01 Ballistics
49:22 Blast Furnace
48:52 Plate Mail Armor
50:27 Elite Teutonic Knight
51:26 Capped Ram
R_rain_
11:08 Feudal Age
15:33 Castle Age
14:16 Double-Bit Axe
17:44 Bow Saw
21:50 Fletching
22:53 Horse Collar
23:15 Gold Mining
29:41 Imperial Age
27:18 Town Watch
28:11 Wheelbarrow
28:52 Bodkin Arrow
29:32 Hand Cart
31:18 Bloodlines
31:12 Bracer
31:18 Scale Barding Armor
31:23 Forging
31:14 Padded Archer Armor
31:53 Heavy Plow
32:18 Husbandry
33:05 Treadmill Crane
34:26 Chemistry
33:46 Ballistics
35:26 Chain Barding Armor
35:41 Iron Casting
34:55 Light Cavalry
36:35 Sitting Tiger
36:57 Conscription
37:35 Plate Barding Armor
38:11 Two-Man Saw
41:04 Gold Shaft Mining
40:19 Stone Mining
40:20 Elite Fire Archer
41:30 Leather Archer Armor
42:16 Blast Furnace
41:11 Heated Shot
43:26 Masonry
44:14 Hussar
46:29 Coinage
46:10 Guilds
46:01 Caravan
Connection lost

Rejoining the realm…

Still unreachable

The connection could not be restored.

Session expired

The server has moved on; the page needs a fresh start.